 Dungeon Crawl Stone Soup version 0.27.1-34-g3ba077fa99 (webtiles) character file.

Game seed: 15769510875374316585

1650 DrunkBamboolord the Cudgeller (level 8, 0/79 HPs)
             Began as a Troll Fighter on Jan 17, 2022.
             Was a Follower of Okawaru.
             Slain by a steam dragon (3 damage)
             ... on level 6 of the Dungeon.
             The game lasted 00:19:34 (4673 turns).

DrunkBamboolord the Cudgeller (Troll Fighter)       Turns: 4673, Time: 00:19:34

Health: 0/79       AC: 11    Str: 27    XL:     8   Next: 67%
Magic:  7/7        EV:  9    Int:  4    God:    Okawaru [*.....]
Gold:   158        SH:  9    Dex:  9    Spells: 7/7 levels left

rFire    . . .     SeeInvis .   s - +3 mace (holy)
rCold    . . .     Faith    .   c - +0 kite shield
rNeg     . . .     Spirit   .   b - +0 robe
rPois    .         Reflect  .   (helmet restricted)
rElec    .         Harm     .   m - +2 cloak
rCorr    +         Rampage  .   (gloves unavailable)
Will     .....                  (boots unavailable)
Stlth    +.........             (no amulet)
HPRegen  1.23/turn              p - +4 ring of protection
MPRegen  0.10/turn              t - ring of resist corrosion

@: mighty
A: large, unfitting armour, claws 3, regeneration 1, shaggy fur 1, tough skin 1
a: Renounce Religion, Heroism


You were on level 6 of the Dungeon.
You worshipped Okawaru.
Okawaru was aware of your devotion.
You visited 2 branches of the dungeon, and saw 7 of its levels.

You collected 398 gold pieces.
You spent 240 gold pieces at shops.

Inventory:

Hand Weapons
 a - a +0 flail
 d - a +0 giant spiked club
 s - a +3 mace of holy wrath (weapon)
Missiles
 o - 8 boomerangs of dispersal (quivered)
Armour
 b - a +0 robe (worn)
 c - a +0 kite shield (worn)
 m - a +2 cloak (worn)
Jewellery
 p - a +4 ring of protection (left claw)
 t - a ring of resist corrosion (right claw)
 u - an amulet of faith
Scrolls
 e - a scroll of amnesia
 g - 2 scrolls of blinking
 k - 2 scrolls of teleportation
 w - a scroll of noise
Potions
 f - 2 potions of curing
 h - a potion of flight
 i - a potion of magic {unknown}
 j - 2 potions of attraction
 l - 2 potions of degeneration
 n - a potion of haste {unknown}
 q - a potion of brilliance {unknown}
 r - a potion of berserk rage


   Skills:
 * Level 4.5 Fighting
 * Level 6.7 Maces & Flails
 * Level 5.4 Dodging
 - Level 4.0 Shields
 * Level 0.8 Invocations


You had 7 spell levels left.
You didn't know any spells.
Your spell library contained the following spells:

 Spells                   Type           Power      Damage    Failure   Level
 Passwall                 Tmut/Erth      0%         N/A       94%         2
 Animate Armour           Summ/Erth      0%         N/A       100%        4
 Leda's Liquefaction      Hex/Erth       0%         N/A       100%        4
 Blade Hands              Tmut           0%         N/A       100%        5
 Bolt of Magma            Conj/Fire/Erth 0%         4d4       100%        5
 Irradiate                Conj/Tmut      0%         3d13      100%        5
 Iron Shot                Conj/Erth      0%         9d1       100%        6
 Statue Form              Tmut/Erth      0%         N/A       100%        6
 Storm Form               Tmut/Air       0%         N/A       100%        7


Dungeon Overview and Level Annotations

Branches:
Dungeon (6/15)             Temple (1/1) D:4

Altars:
Ashenzari
Elyvilon
Gozag
Nemelex Xobeh
Okawaru
Sif Muna
Trog
Uskayaw
Wu Jian
Xom
Yredelemnul
Zin
The Shining One

Shops:
D:3 *   D:5 **?(!

Annotations:
D:3 3 runed translucent doors, miilacz's ghost, amateur TrHu


Innate Abilities, Weirdness & Mutations

You are too large for most types of armour.
You have claws for hands.
Your natural rate of healing is unusually fast.
You are covered in fur. (AC +1)
You have tough skin. (AC +1)


Message History

The ball of steam hits you!
* * * LOW HITPOINT WARNING * * *
The steam dragon barely misses you. The steam dragon claws you.
* * * LOW HITPOINT WARNING * * *
You block the steam dragon's attack. The steam dragon barely misses you.
You barely miss the steam dragon.
The steam dragon is moderately wounded.
The steam dragon bites you but does no damage.
The steam dragon claws you but does no damage.
You closely miss the steam dragon.
The steam dragon is moderately wounded.
The steam dragon bites you.
* * * LOW HITPOINT WARNING * * *
The steam dragon barely misses you.
You closely miss the steam dragon.
The steam dragon is moderately wounded.
The steam dragon bites you but does no damage.
The steam dragon claws you but does no damage.
The steam dragon breathes steam at you. The ball of steam misses you.
Unknown command.
The steam dragon barely misses you. You block the steam dragon's attack.
The steam dragon breathes steam at you. The ball of steam hits you!!
* * * LOW HITPOINT WARNING * * *
You hear an angry hiss.
You feel better.
You are engulfed in a cloud of scalding steam.
You sock the steam dragon!
The steam dragon is severely wounded.
You are engulfed in a cloud of scalding steam.
* * * LOW HITPOINT WARNING * * *
The steam dragon bites you but does no damage.
The steam dragon claws you.
* * * LOW HITPOINT WARNING * * *
You feel better.
You are engulfed in a cloud of scalding steam.
* * * LOW HITPOINT WARNING * * *
The steam dragon bites you.
You die...

....# #..###.....♣+♣♣♣+♣..###
....###..##...#..♣.....♣....##
.........##..##..♣.###.♣.....##
#............###.♣.....♣......#
..##.......### #.'.._†.+.....##
..#.......## ##♣.....♣....##
...........### ♣.###.♣....#
.............# ##♣.....♣....#
#............###@♣+♣♣♣'♣...##
..###........#.D.#.......### #
#..........#.#.......#
.............####......#
####.........# #......#
#.........## ......###
...........#.........
##........##..........
#.##...... #.........


You could see a steam dragon (catching breath).

Vanquished Creatures
  A necrophage (D:4)
  A sky beast (D:6)
  4 ogres
  A centaur (D:5)
  A phantom (D:3)
  A bullfrog (Temple)
  2 scorpions
  A wyvern zombie (D:6)
  A centaur zombie (D:6)
  2 jellies (D:2)
  A gnoll shaman (D:5)
  3 orc priests
  3 bullfrog skeletons
  Terence (D:3)
  2 iguanas
  4 orc wizards
  A hound zombie (D:5)
  2 hound skeletons
  4 gnolls (D:3)
  7 adders
  An ufetubus (D:5)
  A dart slug (D:4)
  15 orcs
  2 ball pythons (D:3)
  10 bats
  13 endoplasms
  4 giant cockroaches
  4 goblins
  8 hobgoblins
  4 jackals (D:1)
  15 kobolds
  7 quokkas
  4 frilled lizards
  5 rats
136 creatures vanquished.

Vanquished Creatures (others)
  9 fungi
  A plant (D:3)
  7 toadstools (D:2)
17 creatures vanquished.

Grand Total: 153 creatures vanquished

Notes
Turn   | Place    | Note
-------+----------+-------------------------------------------
     0 | D:1      | DrunkBamboolord the Troll Fighter began the quest for the
                  | Orb.
     0 | D:1      | Reached XP level 1. HP: 22/22 MP: 0/0
   323 | D:1      | Reached XP level 2. HP: 29/29 MP: 1/1
   353 | D:1      | Reached skill level 2 in Maces & Flails
   858 | D:2      | Reached XP level 3. HP: 36/36 MP: 2/2
   953 | D:2      | Found a faded altar of an unknown god.
  1189 | D:2      | Reached XP level 4. HP: 44/44 MP: 3/3
  1227 | D:2      | Reached skill level 3 in Maces & Flails
  1242 | D:2      | Reached XP level 5. HP: 31/52 MP: 4/4
  1620 | D:3      | Found Peoladut's General Store.
  1711 | D:3      | Noticed a phantom
  1786 | D:3      | Killed a phantom
  1842 | D:3      | Reached skill level 4 in Maces & Flails
  1842 | D:3      | Reached XP level 6. HP: 61/61 MP: 5/5
  2185 | D:3      | Noticed Terence
  2209 | D:3      | Killed Terence
  2269 | D:3      | Found a runed translucent gate.
  2269 | D:3      | Noticed miilacz's ghost (amateur TrHu)
  2270 | D:3      | Found a runed translucent gate.
  2270 | D:3      | Found a runed translucent gate.
  2877 | D:4      | Reached XP level 7. HP: 41/67 MP: 6/6
  2977 | D:4      | Noticed a +0 dagger
  2983 | D:4      | Found a hide-covered altar of Uskayaw.
  2983 | D:4      | Noticed a +0 spear
  2984 | D:4      | Noticed a +0 spear
  2984 | D:4      | Noticed a +0 short sword
  2985 | D:4      | Noticed a +0 dagger
  2985 | D:4      | Noticed a +0 falchion
  2986 | D:4      | Noticed a +0 short sword
  2986 | D:4      | Noticed a +0 falchion
  3002 | D:4      | Found a staircase to the Ecumenical Temple.
  3018 | Temple   | Entered the Ecumenical Temple
  3116 | Temple   | Became a worshipper of Warmaster Okawaru
  3147 | D:4      | Reached skill level 5 in Maces & Flails
  3322 | D:5      | Entered Level 5 of the Dungeon
  3356 | D:5      | Found an ornate altar of the Wu Jian Council.
  3410 | D:5      | Found Soluwkat's Assorted Antiques.
  3424 | D:5      | Bought a runed ruby ring for 120 gold pieces
  3424 | D:5      | Bought a dented bone amulet for 120 gold pieces
  3527 | D:5      | Found Nudepong's Antique Weapon Shoppe.
  3728 | D:5      | Found Veseis's Assorted Antiques.
  3915 | D:5      | Reached XP level 8. HP: 78/78 MP: 7/7
  4019 | D:5      | Reached * piety under Okawaru
  4122 | D:5      | Found Bunai's Magic Scroll Boutique.
  4145 | D:5      | Reached skill level 6 in Maces & Flails
  4198 | D:4      | Reached skill level 5 in Dodging
  4292 | D:5      | Found Vihoc's Distillery.
  4443 | D:5      | Got the Volume of Moulding
  4507 | D:6      | Found a glowing silver altar of Zin.
  4576 | D:6      | Found a shimmering altar of Xom.
  4670 | D:6      | HP: 1/79 [steam dragon/ball of steam (20)]
  4673 | D:6      | Slain by a steam dragon

Illustrated notes

Levels and vault maps discovered:
D:1:      nicolae_arrival_somewhat_less_tricky_arrival, layout_basic,
          minmay_statues_item
D:2:      cheibrodos_fertilizer, layout_basic, basic_ecumenical_altar
D:3:      minmay_razor_zed, layout_basic, gammafunk_ghost_nasty_kobolds,
          serial_shops, shop, uniq_terence
D:4:      layout_cave_pools, nicolae_uskayaw_en_pointe,
          minmay_temple_entry_purple_smoke, st_stairs_1
D:5:      layout_basic, lemuel_tele_altar, serial_shops, nicolae_lakefront_shop,
          shop, nicolae_inconvenience_store, nicolae_square_shop,
          nicolae_shop_trees, minmay_door_square, minmay_starry_boxes
D:6:      layout_cave_pools, mainiacjoe_overflow_brackets, zin_treasury,
          mainiacjoe_overflow_swirl, mainiacjoe_overflow_six_doors_small,
          uniq_prince_ribbit1
Temple:   compressed_dpeg_triangle_lava_temple

Skill      XL: |  1  2  3  4  5  6  7  8 |
---------------+-------------------------+-----
Maces & Flails | 2 3 4 5 6 |  6.7
Dodging        | 3 4 5 |  5.4
Shields        | 3 4 |  4.0
Fighting       | 3 4 |  4.5
Invocations    | |  0.8

Action                   |  1- 3 |  4- 6 |  7- 9 || total
-------------------------+-------+-------+-------++-------
Melee: Flail             |   134 |   150 |       ||   284
       Mace              |       |    61 |   254 ||   315
  Use: Potion            |     1 |     2 |     7 ||    10
       Scroll            |       |     7 |     6 ||    13
Armor: Robe              |    63 |    78 |   157 ||   298
Dodge: Dodged            |    54 |    83 |   137 ||   274
Block: Kite shield       |    75 |   105 |   170 ||   350
